Map: Automaton LE

Players

Kolo

  • Race: Terran Terran
  • League: Diamond
  • Spawn Location: 3:00

Lhama - Winner!

  • Race: Terran Terran
  • League: Diamond
  • Spawn Location: 9:00

VOD

Have the link to the VOD?

Description

Time

  • Played on: Dec. 8, 2018, 11:22 a.m.
  • Length: 18:48
Show
View Real Time Build Order
Export as new Build Order

Kolo Terran 

Build Orders: Reaper Expand 

Get SALT Encoding   

  12  0:01  SCV  
  13  0:13  SCV  
  14  0:18  Supply Depot  
  14  0:25  SCV  
  15  0:40  Barracks  
  15  0:41  SCV  
  16  0:45  Refinery  
  16  0:53  SCV  
  17  1:05  SCV  
  18  1:17  SCV  
  19  1:29  Orbital Command, Reaper  
  20  1:47  Command Center  
  20  1:59  Supply Depot  
  20  2:01  Marine  
  20  2:05  SCV  
  22  2:17  Factory, SCV  
  23  2:23  Barracks Reactor  
  24  2:30  SCV  
  24  2:38  Refinery  
  24  2:43  Barracks, SCV  
  25  2:56  SCV  
  26  3:01  Orbital Command  
  26  3:03  Factory Tech Lab, Marine  
  27  3:05  Marine  
  27  3:08  SCV  
  29  3:20  SCV  
  29  3:21  Cyclone  
  29  3:23  Marine  
  29  3:24  Marine  
  35  3:29  SCV  
  35  3:31  Barracks Tech Lab  
  37  3:34  SCV  
  37  3:42  Engineering Bay, Supply Depot  
  37  3:52  Marine x3  
  37  4:01  SCV  
  40  4:03  SCV, Widow Mine  
  40  4:09  Marine  
  40  4:10  Missile Turret, Marine x2  
  40  4:12  Missile Turret  
  43  4:19  Terran Infantry Weapons Level 1  
  43  4:20  SCV  
  43  4:21  SCV  
  45  4:25  Stimpack  
  45  4:32  SCV  
  45  4:37  SCV  
  47  4:43  Supply Depot, Starport  
  47  4:49  Factory Reactor  
  47  4:54  Refinery, SCV  
  47  4:55  SCV  
  47  4:57  Marine x2  
  51  5:05  Marine  
  51  5:06  SCV  
  54  5:07  SCV  
  54  5:11  Supply Depot  
  54  5:17  Barracks  
  54  5:19  SCV x2  
  56  5:31  SCV x2  
  58  5:42  Medivac x2, Command Center  
  62  5:43  SCV x2  
  62  5:47  Engineering Bay  
  64  5:50  Marine x2  
  64  5:53  Marauder  
  64  5:55  SCV  
  69  5:58  SCV  
  69  6:00  Refinery  
  70  6:10  Siege Tank, Supply Depot  
  73  6:15  Armory  
  73  6:17  Terran Infantry Armor Level 1  
  73  6:21  Medivac  
  73  6:25  Medivac  
  77  6:26  Marine  
  77  6:31  Marine  
  77  6:32  SCV  
  80  6:34  Supply Depot  
  80  6:42  SCV  
  80  6:45  SCV  
  80  6:46  Marine  
  84  6:49  Combat Shield, Barracks Reactor  
  84  6:51  Marine  
  84  6:52  Marine  
  85  6:58  SCV  
  86  7:04  Marine  
  87  7:10  Marauder  
  75  7:17  Marine  
  75  7:18  Siege Tank, Medivac x2  
  75  7:20  SCV  
  75  7:21  Orbital Command, SCV  
  75  7:22  Marine  
  86  7:28  Marine x2  
  88  7:31  Barracks, Marine  
  88  7:32  SCV  
  88  7:33  Barracks  
  88  7:34  Marine  
  91  7:42  Marine  
  92  7:46  Marine, SCV  
  92  7:47  SCV  
  92  7:49  Marauder  
  97  7:57  Command Center  
  97  8:02  SCV  
  97  8:04  Terran Vehicle Weapons Level 1, Terran Infantry Weapons Level 2  
  98  8:06  Marine x3  
  98  8:10  SCV  
  102  8:12  Refinery  
  102  8:13  Viking x2, SCV  
  102  8:15  Refinery  
  107  8:25  Barracks Tech Lab  
  107  8:26  Barracks Tech Lab  
  106  8:37  Barracks Reactor, Marine  
  106  8:38  Marine  
  106  8:41  Terran Infantry Armor Level 2  
  108  8:42  SCV  
  108  8:45  Supply Depot  
  108  8:46  Supply Depot  
  108  8:47  Supply Depot  
  109  9:02  SCV x2  
  109  9:07  Siege Tank  
  102  9:18  Marine x5  
  102  9:19  Marauder x2  
  102  9:20  SCV  
  102  9:22  SCV  
  102  9:23  SCV  
  109  9:25  Planetary Fortress  
  108  9:32  SCV  
  108  9:34  SCV  
  108  9:37  SCV  
  112  9:40  Marauder  
  112  9:44  Marine, SCV  
  112  9:45  Refinery x2, Marine  
  121  9:46  SCV  
  119  9:53  Starport  
  119  9:55  Starport, Barracks Reactor, SCV  
  119  9:57  Barracks Tech Lab, SCV  
  119  9:58  Starport  
  113  10:00  SCV  
  113  10:07  Marine  
  107  10:08  Barracks Tech Lab, SCV  
  107  10:09  SCV  
  107  10:10  Viking x2  
  107  10:13  Terran Vehicle Weapons Level 2  
  114  10:17  SCV  
  114  10:20  SCV  
  116  10:21  SCV  
  116  10:24  Marine  
  116  10:25  Factory x2, Marauder  
  120  10:29  SCV  
  120  10:30  Armory  
  120  10:33  Viking x3  
  120  10:34  Viking  
  129  10:38  Fusion Core  
  129  10:41  Hyperflight Rotors  
  129  10:48  Starport  
  129  10:51  Starport  
  129  10:55  SCV  
  129  10:56  Starport  
  129  10:57  SCV  
  131  11:09  Siege Tank  
  131  11:10  Factory Tech Lab  
  134  11:11  Factory Tech Lab  
  134  11:12  SCV x3  
  134  11:16  Viking x5  
  147  11:21  Terran Ship Weapons Level 1  
  147  11:33  Sensor Tower  
  147  11:35  Advanced Ballistics  
  147  11:38  Marine  
  148  11:47  Supply Depot x2  
  148  11:49  Supply Depot  
  148  11:51  Supply Depot, Liberator x2  
  148  12:02  Supply Depot  
  148  12:05  Supply Depot  
  148  12:07  Supply Depot, Neosteel Armor  
  148  12:08  SCV, Viking, Marine x4, Banshee  
  157  12:09  Hi-Sec Auto Tracking  
  157  12:10  SCV  
  165  12:18  Siege Tank  
  165  12:19  Command Center  
  170  12:24  Banshee  
  170  12:26  Marine x4, SCV  
  149  12:43  Marine  
  149  12:44  Marine, Banshee x2  
  142  13:14  Banshee x2  
  142  13:18  SCV x3  
  141  13:26  Banshee  
  141  13:30  SCV x2  
  141  13:31  Terran Ship Weapons Level 2  
  141  13:32  Terran Vehicle And Ship Armor Level 1  
  141  13:33  Command Center  
  146  13:38  Siege Tank  
  146  13:39  SCV  
  150  13:42  Viking x4, SCV  
  150  13:44  SCV  
  150  13:46  Planetary Fortress  
  150  13:47  Refinery  
  150  13:48  Refinery  
  160  13:50  Missile Turret  
  160  13:51  Missile Turret  
  160  14:05  Factory  
  160  14:06  Factory, SCV x3  
  160  14:09  Banshee  
  166  14:10  Siege Tank  
  166  14:12  Missile Turret  
  169  14:28  Refinery, Weapon Refit  
  169  14:34  Battlecruiser  
  169  14:35  Viking x2  
  179  14:38  Supply Depot  
  179  14:39  Supply Depot x2  
  179  14:49  Sensor Tower  
  179  14:53  Corvid Reactor  
  179  14:55  Cloaking Field  
  179  14:56  Sensor Tower  
  179  15:03  Orbital Command  
  179  15:04  Command Center  
  179  15:06  Factory Tech Lab  
  179  15:07  Factory Tech Lab  
  179  15:08  Factory  
  179  15:14  Raven x2  
  183  15:33  SCV  
  184  15:42  Battlecruiser x2  
  196  15:48  Terran Vehicle Weapons Level 3  
  196  16:13  Raven  
  196  16:14  Raven  
  200  16:25  Refinery  
  200  16:26  Missile Turret  
  200  16:27  Refinery  
  200  16:29  Command Center  
  200  16:33  Factory Tech Lab  
  200  16:36  Starport  
  200  16:39  Starport  
  200  17:02  Missile Turret  
  200  17:05  Missile Turret x3  
  200  17:06  Missile Turret  
  200  17:14  Missile Turret  
  200  17:17  Planetary Fortress  
  200  17:23  Missile Turret  
  200  17:24  Missile Turret  
  200  17:26  Missile Turret  
  172  17:53  Missile Turret x2  
  172  17:55  Missile Turret  
  172  17:56  Missile Turret  
  136  18:10  Viking x2  
  118  18:13  Viking  
  118  18:14  Viking x2  
Show
View Real Time Build Order
Export as new Build Order

Lhama Terran - Winner!

Build Orders: Mech 

Get SALT Encoding   

  12  0:00  SCV  
  13  0:13  SCV  
  14  0:19  Supply Depot  
  14  0:25  SCV  
  15  0:31  Refinery  
  15  0:40  SCV  
  16  0:47  Barracks  
  16  0:52  SCV  
  17  1:04  Refinery, SCV  
  18  1:17  SCV  
  19  1:29  SCV  
  20  1:35  Factory  
  20  1:40  Reaper  
  21  1:47  Orbital Command  
  21  1:59  Supply Depot  
  21  2:12  Barracks Reactor  
  21  2:14  SCV  
  22  2:21  Hellion  
  24  2:27  SCV  
  25  2:38  Command Center  
  25  2:45  SCV  
  25  2:49  Supply Depot  
  26  2:56  Barracks Tech Lab  
  26  2:57  Hellion  
  28  3:01  Hellion  
  28  3:05  SCV  
  31  3:16  Starport  
  31  3:18  SCV  
  32  3:26  Hellion, Barracks Reactor  
  34  3:30  Hellion  
  34  3:33  SCV  
  30  4:11  Siege Tank  
  30  4:12  Factory  
  30  4:13  Orbital Command  
  30  4:15  SCV  
  34  4:23  Viking  
  34  4:24  Factory, Viking  
  38  4:27  SCV  
  39  4:34  Supply Depot  
  39  4:39  SCV x2  
  39  4:44  Siege Tank  
  44  4:51  SCV  
  45  4:54  SCV  
  45  4:58  Viking  
  48  5:03  SCV  
  48  5:06  SCV  
  50  5:09  Refinery  
  50  5:11  Hellion  
  50  5:12  Refinery  
  52  5:15  SCV  
  52  5:16  Supply Depot  
  52  5:19  Hellion, SCV  
  56  5:27  SCV  
  57  5:30  Viking  
  57  5:31  SCV  
  57  5:32  Factory Tech Lab  
  60  5:42  SCV  
  61  5:46  SCV  
  61  5:47  Command Center  
  62  5:50  Supply Depot  
  62  5:54  SCV  
  62  5:55  Widow Mine  
  62  5:56  Widow Mine  
  67  5:59  Widow Mine  
  67  6:00  SCV  
  70  6:06  Supply Depot  
  70  6:11  Siege Tank, SCV  
  70  6:12  SCV  
  75  6:20  Siege Tank  
  78  6:28  Hellion, SCV x2  
  82  6:32  Supply Depot  
  82  6:40  SCV  
  82  6:43  Siege Tank  
  86  6:53  Refinery  
  86  6:54  Refinery, Siege Tank  
  86  6:58  SCV  
  90  7:06  Supply Depot  
  90  7:15  Siege Tank  
  90  7:17  SCV  
  90  7:20  SCV  
  95  7:26  Siege Tank  
  95  7:29  SCV  
  99  7:30  Armory  
  99  7:31  Armory  
  99  7:33  Orbital Command  
  99  7:36  SCV  
  100  7:41  SCV  
  101  7:48  Siege Tank, SCV  
  101  7:49  Viking  
  101  7:50  Viking  
  109  7:53  SCV  
  109  7:54  Supply Depot  
  109  7:55  Supply Depot  
  113  7:58  Siege Tank  
  113  7:59  Supply Depot  
  113  8:04  Engineering Bay  
  113  8:06  SCV x3  
  116  8:16  Supply Depot  
  116  8:18  SCV  
  116  8:19  Command Center  
  117  8:24  Terran Vehicle And Ship Armor Level 1, Terran Vehicle Weapons Level 1  
  117  8:28  Infernal Pre-Igniter  
  117  8:43  Siege Tank x2  
  117  8:44  Hellion x2, Viking x2  
  106  9:25  Siege Tank x2, Hellion x2  
  106  9:26  Viking  
  106  9:27  Viking  
  114  9:36  Factory  
  114  9:40  Starport  
  114  9:43  Factory  
  114  9:48  Hellion x2  
  118  9:57  Siege Tank x2  
  124  10:09  Hellion  
  124  10:10  Hellion  
  128  10:19  Missile Turret  
  128  10:20  Missile Turret  
  128  10:23  Missile Turret  
  128  10:26  Refinery, Missile Turret  
  128  10:27  Refinery, Missile Turret  
  128  10:28  Missile Turret  
  128  10:29  Starport Reactor, Siege Tank, Missile Turret  
  128  10:30  Siege Tank  
  128  10:31  Missile Turret, Factory Tech Lab x2  
  128  10:32  Terran Vehicle Weapons Level 2  
  128  10:35  Missile Turret  
  134  10:36  Terran Vehicle And Ship Armor Level 2  
  134  10:41  Orbital Command  
  134  10:44  SCV  
  135  10:50  Siege Tank, Hellion, Sensor Tower  
  135  10:53  SCV  
  141  11:13  Command Center  
  141  11:18  Missile Turret, Sensor Tower, Viking x3  
  143  11:24  Missile Turret  
  147  11:35  Siege Tank  
  150  11:40  Hellion x2  
  150  11:41  Hellion  
  150  11:46  Supply Depot  
  156  11:51  Command Center  
  156  11:52  Supply Depot  
  156  11:59  Command Center  
  156  12:07  Hellion, SCV x2  
  156  12:08  Hellion x2  
  164  12:14  SCV x2  
  155  12:26  SCV  
  137  12:52  Viking x4  
  143  13:11  Siege Tank  
  143  13:12  Hellion x2  
  121  13:21  Terran Ship Weapons Level 1  
  121  13:22  Terran Vehicle Weapons Level 3, Viking  
  121  13:23  Thor  
  121  13:24  Thor x2  
  121  13:25  Viking x2  
  135  13:31  Missile Turret  
  135  13:33  Missile Turret  
  135  13:35  Missile Turret  
  135  13:36  Missile Turret x2  
  135  13:41  Missile Turret  
  135  13:43  Thor  
  135  13:44  Missile Turret  
  141  13:50  Missile Turret, Sensor Tower  
  141  13:54  Widow Mine  
  141  13:55  Missile Turret, Widow Mine  
  145  13:56  Drilling Claws  
  145  13:58  Refinery  
  145  13:59  Missile Turret  
  145  14:01  Refinery, Missile Turret  
  145  14:02  Orbital Command  
  145  14:06  Siege Tank, Orbital Command  
  145  14:07  Siege Tank x2  
  154  14:14  Orbital Command  
  154  14:16  SCV x4  
  158  14:26  Viking x3  
  158  14:28  SCV, Viking  
  167  14:40  Siege Tank  
  170  14:48  Command Center  
  170  14:53  Sensor Tower  
  170  15:02  Starport  
  170  15:03  Starport  
  170  15:04  Fusion Core  
  170  15:06  Widow Mine x2  
  170  15:07  Widow Mine x3  
  180  15:12  Widow Mine  
  182  15:14  Command Center  
  182  15:23  Viking x3  
  182  15:24  Viking  
  190  15:29  Terran Ship Weapons Level 2  
  190  15:40  Starport  
  186  15:53  Viking  
  188  15:59  Terran Vehicle And Ship Armor Level 3  
  188  16:22  Missile Turret  
  188  16:25  Command Center  
  188  16:28  Missile Turret x2  
  188  16:29  Starport Tech Lab x3  
  188  16:31  Weapon Refit  
  188  16:33  Starport, Command Center  
  188  16:38  Planetary Fortress  
  188  16:45  Refinery, Missile Turret  
  188  16:48  Refinery  
  188  16:52  Missile Turret  
  188  17:15  Raven x2  
  188  17:16  Raven  
  188  17:18  Advanced Ballistics  
  188  17:22  Corvid Reactor  
  181  17:58  Raven x2  
  132  18:14  Siege Tank x2  
  132  18:15  Viking x3, Widow Mine x3  
  132  18:16  Starport Tech Lab  
Tags
 
Composition
Mech
Matchup
TvT
Race
Terran
Spawn Locations
Cross Positions
Add a new tag
Caveats
  • Supply blocks, unpowered buildings, or Contaminate may cause inaccurate times.
  • Supply counts are checked every 10 seconds.